 Dungeon Crawl Stone Soup version 0.26-a0-651-gb41185065b (webtiles) character file.

Game seed: 5828439569350255059

3133 Flugslaktarn the Cleaver (level 9, -4/86 HPs)
             Began as a Deep Dwarf Fighter on Oct 21, 2020.
             Was a Follower of Makhleb.
             Slain by a warg (10 damage)
             ... on level 8 of the Dungeon.
             The game lasted 00:03:42 (4357 turns).

Flugslaktarn the Cleaver (Deep Dwarf Fighter)       Turns: 4357, Time: 00:03:43

Health: -4/86      AC: 20    Str: 19    XL:     9   Next: 61%
Magic:  7/7        EV:  7    Int: 12    God:    Makhleb [*.....]
Gold:   131        SH: 11    Dex: 19    Spells: 8/8 levels left

rFire    . . .     SeeInvis .   e - +0 broad axe
rCold    . . .     Faith    .   c - +0 kite shield
rNeg     + . .     Spirit   .   y - +0 chain mail
rPois    +         Reflect  .   j - +1 helmet
rElec    .         Harm     .   d - +2 ratskin cloak {*Rats rPois rN+ Str-1 Int-1 Dex+1}
rCorr    .         Rampage  .   b - +2 pair of gloves
MR       +....                  s - +0 pair of boots of a wizard's laboratory {Int+4 Dex+3} (curse)
Stlth    ..........             (no amulet)
HPRegen  0.00/turn              o - ring of poison resistance
MPRegen  0.10/turn              (no ring)

@: non-regenerating
A: damage resistance, heal wounds, sense surroundings 2, no regeneration
a: Heal Wounds, Renounce Religion


You were on level 8 of the Dungeon.
You worshipped Makhleb.
Makhleb was aware of your devotion.
You visited 2 branches of the dungeon, and saw 9 of its levels.

You collected 406 gold pieces.
You spent 275 gold pieces at shops.

Inventory:

Hand Weapons
 e - a +0 broad axe (weapon)
   (You took it off Maggie on level 6 of the Dungeon)
Armour
 b - a +2 pair of gloves (worn)
   (You found it on level 7 of the Dungeon)
 c - a +0 kite shield (worn)
 d - the +2 ratskin cloak (worn) {*Rats rPois rN+ Str-1 Int-1 Dex+1}
   (You found it on level 5 of the Dungeon)

   It affects your strength (-1).
   It affects your intelligence (-1).
   It affects your dexterity (+1).
   It protects you from poison.
   It protects you from negative energy.
 j - a +1 helmet (worn)
   (You found it on level 2 of the Dungeon)
 m - a +0 cloak
   (You found it on level 3 of the Dungeon)
 s - the cursed +0 pair of boots of a wizard's laboratory (worn) {Int+4 Dex+3}
   (You bought it in a shop on level 7 of the Dungeon)

   It affects your intelligence (+4).
   It affects your dexterity (+3).
   It has a curse placed upon it.
 y - a +0 chain mail (worn)
   (You took it off an orc on level 4 of the Dungeon)
Jewellery
 o - a ring of poison resistance (left hand)
   (You found it on level 1 of the Dungeon)
Wands
 a - a wand of iceblast (9)
   (You found it on level 6 of the Dungeon)
 g - a wand of enslavement (5)
   (You found it on level 7 of the Dungeon)
 n - a wand of paralysis (9)
   (You found it on level 7 of the Dungeon)
Scrolls
 i - 4 scrolls of fog
 k - a scroll of immolation {unknown}
 l - 2 scrolls of magic mapping
 r - 2 scrolls of identify
 t - 4 scrolls of teleportation
 v - a scroll of fear
 x - 3 scrolls of remove curse
Potions
 f - a potion of flight
 h - a potion of haste
 p - 2 potions of invisibility
 q - a potion of curing
 u - a potion of ambrosia {unknown}
 w - a potion of heal wounds


   Skills:
 * Level 7.6 Fighting
 * Level 8.7 Axes
 + Level 6.7 Armour
 + Level 2.6 Dodging
 - Level 6.0 Shields
 + Level 3.2 Invocations


You had 8 spell levels left.
You didn't know any spells.
Your spell library was empty.

Dungeon Overview and Level Annotations

Branches:
Dungeon (8/15)             Temple (1/1) D:4            Lair (0/6) D:8

Altars:
Ashenzari
Cheibriados
Dithmenos
Elyvilon
Fedhas
Gozag
Hepliaklqana
Kikubaaqudgha
Makhleb
Nemelex Xobeh
Okawaru
Qazlal
Ru
Sif Muna
Trog
Uskayaw
Vehumet
Wu Jian
Xom
Yredelemnul
Zin
The Shining One

Shops:
D:4 ?   D:7 *

Annotations:
D:6 Prince Ribbit


Innate Abilities, Weirdness & Mutations

You are resistant to damage.
You can heal yourself by infusing magical energy.
You passively map the area around you.
You do not regenerate.


Message History

You are too injured to fight recklessly!
You are too injured to fight recklessly!
The orc priest invokes the aid of Beogh against you.
Beogh smites you!
* * * LOW HITPOINT WARNING * * *
The worker ant waves its antennae.
The orc priest calls down the wrath of Beogh upon you.
Beogh smites you!
* * * LOW HITPOINT WARNING * * *
You block the warg's attack.
The orc priest mumbles some strange prayers to Beogh against you.
Pain shoots through your body!
* * * LOW HITPOINT WARNING * * *
The warg bites you but does no damage.
The orc wizard casts a spell.
The orc wizard flickers and vanishes!
Deactivating autopickup; reactivate with Ctrl-A.
You fail to use your ability.
The warg bites you but does no damage. The warg bites you!
You die...

*#..........#........ *
#.......#.(.##........
*
#........###.##........
...##.....#
##.#........ * .##
##...## ##......... *
##..# ##......#* ** ,
##.# ##......## * * , *
## #...####... * ,* ,
##.h@# *#. ,
#.ah#######. ,, * * * *
##........... , ,,
#....a....... * * ,
,####o.o.....>, , ,
#......$..,,, , , ,
,#o........ ,,
....o.)........., , ,
>.....).........,,,


You could see 2 wargs, a worker ant and 2 orcs.

Vanquished Creatures
  Pikel (D:5)
  Maggie (D:6)
  Grinder (D:5)
  A warg (D:8)
  Duvessa (D:5)
  A water moccasin (D:4)
  A black bear (D:7)
  An orc warrior (D:8)
  An ice beast (D:7)
  4 ogres
  A centaur (D:5)
  4 bullfrogs
  Dowan (D:5)
  A scorpion (D:6)
  2 quasits
  3 hounds
  4 orc priests
  6 orc wizards
  3 hell rats (D:5)
  4 worker ants
  4 river rats (D:5)
  7 adders
  2 shadow imps
  3 white imps
  An ufetubus (D:5)
  An ooze (D:4)
  An adder skeleton (D:5)
  An adder zombie (D:5)
  2 worms
  A dart slug (D:5)
  A leopard gecko (D:1)
  25 orcs
  4 giant cockroaches
  4 goblins
  2 hobgoblins
  7 jackals
  3 quokkas
  6 bats
  A frilled lizard (D:5)
  2 jackal skeletons
  A jackal zombie (D:5)
  4 kobolds
  16 rats
141 creatures vanquished.

Vanquished Creatures (others)
  A plant (D:8)
1 creature vanquished.

Grand Total: 142 creatures vanquished

Notes
Turn   | Place    | Note
-------+----------+-------------------------------------------
     0 | D:1      | Flugslaktarn the Deep Dwarf Fighter began the quest for the
                  | Orb.
     0 | D:1      | Reached XP level 1. HP: 20/20 MP: 1/1
   104 | D:1      | Reached XP level 2. HP: 18/27 MP: 2/2
   378 | D:2      | Reached XP level 3. HP: 18/34 MP: 3/3
   382 | D:2      | Reached skill level 3 in Axes
  1176 | D:4      | Reached XP level 4. HP: 42/42 MP: 4/4
  1287 | D:4      | Found Vuwosk's Magic Scroll Boutique.
  1329 | D:4      | Reached XP level 5. HP: 46/50 MP: 5/5
  1491 | D:4      | Reached skill level 4 in Axes
  1560 | D:4      | Reached XP level 6. HP: 56/57 MP: 6/6
  1669 | D:5      | Entered Level 5 of the Dungeon
  1762 | D:5      | Noticed Dowan
  1766 | D:5      | Noticed Duvessa
  1794 | D:5      | Killed Duvessa
  1794 | D:5      | Reached skill level 5 in Axes
  1802 | D:5      | Killed Dowan
  1802 | D:5      | Reached XP level 7. HP: 30/66 MP: 6/6
  1846 | D:5      | Reached skill level 5 in Fighting
  1933 | D:5      | Found a shimmering blue altar of Sif Muna.
  2025 | D:5      | Reached skill level 5 in Shields
  2031 | D:5      | Found the +2 ratskin cloak {*Rats rPois rN+ Str-1 Int-1
                  | Dex+1}
  2042 | D:5      | Reached skill level 5 in Armour
  2133 | D:5      | Reached skill level 6 in Axes
  2293 | D:5      | Noticed Pikel
  2313 | D:5      | Killed Pikel
  2313 | D:5      | Reached XP level 8. HP: 62/76 MP: 4/4
  2566 | D:5      | Noticed Grinder
  2575 | D:5      | Paralysed by Grinder for 4 turns
  2582 | D:5      | Killed Grinder
  2582 | D:5      | Reached skill level 7 in Axes
  2801 | D:4      | Found a staircase to the Ecumenical Temple.
  2834 | Temple   | Entered the Ecumenical Temple
  2876 | Temple   | Became a worshipper of Makhleb the Destroyer
  3027 | D:6      | Noticed Maggie
  3057 | D:6      | Killed Maggie
  3057 | D:6      | Reached skill level 1 in Dodging
  3057 | D:6      | Reached skill level 1 in Invocations
  3057 | D:6      | Gained mutation: You passively map the area around you.
                  | [Deep Dwarf growth]
  3057 | D:6      | Reached XP level 9. HP: 36/85 MP: 4/6
  3289 | D:6      | Reached skill level 8 in Axes
  3306 | D:6      | Noticed Prince Ribbit
  3833 | D:7      | Found a white marble altar of Elyvilon.
  3989 | D:7      | Found Laxots's Assorted Antiques.
  4230 | D:7      | Bought a pair of smoking boots for 275 gold pieces
  4235 | D:7      | Identified the cursed +0 pair of boots of a wizard's
                  | laboratory {Int+4 Dex+3} (You bought it in a shop on level
                  | 7 of the Dungeon)
  4251 | D:8      | Reached * piety under Makhleb
  4339 | D:8      | Found a staircase to the Lair.
  4357 | D:8      | Slain by a warg

Illustrated notes

Levels and vault maps discovered:
D:1:      onia_arrival_mini_maze, layout_loops_ring, corner_web_ring,
          hangedman_decor_clover_reticule, minmay_misc_feat_pillars
D:2:      layout_loops_corners
D:3:      layout_loops_ring, minmay_misc_feat_ornament
D:4:      layout_basic, minmay_temple_entry_from_below_b, serial_shops, shop
D:5:      wander_guarded_unrand_ratskin, layout_basic, enter_ossuary_5,
          basic_altar, uniq_duvessa, uniq_pikel, uniq_grinder
D:6:      layout_loops_ring, uniq_prince_ribbit1, uniq_maggie
D:7:      layout_basic, old_standard_altar, serial_shops,
          nicolae_shop_behind_doors
D:8:      layout_cave_pods, erik_lair_orcish_takeover
Temple:   nicolae_temple_the_god_donut

Skill      XL: |  1  2  3  4  5  6  7  8  9 |
---------------+----------------------------+-----
Fighting       | 3 4 6 7 |  7.6
Axes           | 3 4 5 6 7 8 |  8.7
Armour         | 4 5 6 |  6.7
Shields        | 4 5 6 |  6.0
Dodging        | 1 2 |  2.6
Invocations    | 1 3 |  3.2

Action                   |  1- 3 |  4- 6 |  7- 9 || total
-------------------------+-------+-------+-------++-------
Melee: War axe           |    88 |   124 |   187 ||   399
       Broad axe         |       |       |   111 ||   111
 Abil: Heal Wounds       |     1 |     6 |    12 ||    19
  Use: Potion            |       |     3 |     3 ||     6
       Scroll            |       |       |    14 ||    14
Armor: Scale mail        |    60 |    84 |    75 ||   219
       Skin              |       |       |    10 ||    10
       Chain mail        |       |       |    82 ||    82
Dodge: Dodged            |    36 |    56 |    74 ||   166
Block: Kite shield       |    58 |    84 |   164 ||   306

Table legend: (Time is in decaauts)
 A = Elapsed time spent in this place.
 B = Non-inter-level travel time spent in this place.
 C = Inter-level travel time spent in this place.
 D = Time resting spent in this place.
 E = Time spent auto-exploring this place.
 F = Levels seen in this place.
 G = Mean time per level.
                   A        B        C        D        E       F      G
               +--------+--------+--------+--------+--------+-----+--------+
         Total |   4514 |   4129 |    385 |      0 |   2983 |   9 |  501.6 |
       Dungeon |   4449 |   4094 |    355 |      0 |   2951 |   8 |  556.1 |
        Temple |     64 |     34 |     30 |      0 |     32 |   1 |   64.0 |
               +--------+--------+--------+--------+--------+-----+--------+

Top non-repeatable levels by time:
     D:5: 1221 daAuts
     D:4: 703 daAuts
     D:3: 689 daAuts
     D:6: 673 daAuts
     D:7: 601 daAuts
     D:2: 266 daAuts
     D:1: 176 daAuts
     D:8: 117 daAuts
  Temple: 64 daAuts
